 Dungeon Crawl Stone Soup version 0.31.0-32-g396128a36d (webtiles) character file.

Game seed: 3006784369528892324

1563 toph the Fighter (level 8, -5/75 HPs)
             Began as a White Draconian Fire Elementalist on Apr 3, 2024.
             Was an Initiate of Vehumet.
             Slain by a two-headed ogre
             ... wielding a +0 giant club
              (15 damage)
             ... on level 6 of the Dungeon.
             The game lasted 00:23:33 (6168 turns).

toph the Fighter (DrFE)                             Turns: 6168, Time: 00:23:35

Health: -5/75      AC: 10    Str: 11    XL:     8   Next: 58%
Magic:  6/14       EV: 12    Int: 17    God:    Vehumet [......]
Gold:   382        SH:  0    Dex: 12    Spells: 13/16 levels left

rFire   . . .        z - +1 mace (venom)
rCold   + . .        (no shield)
rNeg    . . .        (body armour unavailable)
rPois   .            (helmet restricted)
rElec   .            (no cloak)
rCorr   .            (no gloves)
SInv    .            (no boots)
Will    .....        (no amulet)
Stlth   ++           b - +4 ring of protection
HPRegen 0.32/turn    (no ring)
MPRegen 0.14/turn

%: no passive effects
@: no status effects
A: breathe frost, AC +6, unfitting armour, cold resistance 1, cold-blooded
a: Breathe Frost, Renounce Religion


You were on level 6 of the Dungeon.
You worshipped Vehumet.
Vehumet was noncommittal.
You visited 1 branch of the dungeon, and saw 6 of its levels.

You collected 382 gold pieces.

Inventory:

Hand Weapons
 i - a +1 spectral club
 z - a +1 mace of venom (weapon)
 A - a +1 heavy trident
Missiles
 t - 6 datura-tipped darts
 y - 2 poisoned darts
Armour
 p - a +0 pair of boots
Magical Staves
 s - a staff of alchemy
Jewellery
 b - a +4 ring of protection (left hand)
Wands
 j - a wand of polymorph (18)
 E - a wand of roots (6)
Scrolls
 a - a scroll of teleportation {unknown}
 e - 3 scrolls of identify {unknown}
 g - 2 scrolls of blinking {unknown}
 k - a scroll of revelation {unknown}
 o - a scroll of summoning {unknown}
 r - a scroll of enchant weapon {unknown}
 u - a scroll of amnesia {unknown}
 w - a scroll of immolation {unknown}
 C - a scroll of noise {unknown}
 D - a scroll of torment {unknown}
Potions
 c - a potion of brilliance {unknown}
 d - 2 potions of experience {unknown}
 f - 2 potions of attraction {unknown}
 h - 3 potions of curing {unknown}
 l - a potion of haste {unknown}
 m - a potion of might {unknown}
 n - a potion of lignification {unknown}
 q - a potion of berserk rage {unknown}
 v - a potion of mutation {unknown}
 x - 2 potions of ambrosia {unknown}
 B - a potion of enlightenment {unknown}
 Q - a potion of magic


   Skills:
 * Level 8.5 Fighting
 - Level 1.7 Dodging
 - Level 1.7 Stealth
 + Level 4.6 Spellcasting
 - Level 3.6 Conjurations
 - Level 3.0 Fire Magic
 + Level 4.4 Ice Magic


You had 13 spell levels left.
You knew the following spells:

 Your Spells              Type           Power      Damage    Failure   Level
a - Foxfire               Conj/Fire      60%        2x1d7     3%          1
b - Scorch                Fire           28%        2d6       7%          2

Your spell library contained the following spells:

 Spells                   Type           Power      Damage    Failure   Level
 Dazzling Flash           Conj/Hex       20%        N/A       22%         3
 Inner Flame              Hex/Fire       9%         N/A       24%         3
 Volatile Blastmotes      Fire/Tloc      18%        2d11      24%         3
 Flame Wave               Conj/Fire      15%        2d7       36%         4
 Starburst                Conj/Fire      7%         6d4       99%         6
 Maxwell's Capacitive Co  Air            1%         ∞         100%        8


Dungeon Overview and Level Annotations

Branches:
Dungeon (6/15)
 Temple: D:4-7

Altars:
Ashenzari
Makhleb
Trog
Vehumet

Shops:
D:1 [   D:6 (:

Annotations:
D:5 3 runed translucent doors, cfcfcfcfcf's ghost, novice TrFi


Innate Abilities, Weirdness & Mutations

You can breathe waves of freezing cold which knock back foes.
Your icy white scales are hard. (AC +6)
You cannot fit into any form of body armour.
Your flesh is cold resistant. (rC+)
You are cold-blooded and may be slowed by cold attacks.


Message History

Casting: Foxfire (safe; 3% risk of failure)
Confirm with . or Enter, or press ? or * to list all spells.
Flames lash the orc.
The orc is heavily wounded.
The orc's fire resistance burns away.
The orc warrior unwields a +0 orcbow.
The orc warrior wields a +0 war axe.
The orc warrior hits you with a +0 war axe.
The orc warrior unwields a +0 war axe.
The orc warrior wields a +0 orcbow.
The orc warrior shoots an arrow.
An orc comes into view. It is wielding a +0 hand axe.
You hear a shout!
The orc is no longer more vulnerable to fire.
The orc warrior shoots an arrow.
The two-headed ogre hits you with a +0 giant club! x2
Casting: Scorch (safe; 7% risk of failure)
Confirm with . or Enter, or press ? or * to list all spells.
You don't know that spell.
An orc and a bullfrog come into view.
The bullfrog gives a loud, deep croak!
Casting: Scorch (safe; 7% risk of failure)
Confirm with . or Enter, or press ? or * to list all spells.
You don't know that spell.
Casting: Scorch (safe; 7% risk of failure)
Confirm with . or Enter, or press ? or * to list all spells.
Flames lash the hound.
The hound is moderately wounded.
The hound's fire resistance burns away.
Casting: Scorch (safe; 7% risk of failure)
Confirm with . or Enter, or press ? or * to list all spells.
You conjure some foxfire!
The two-headed ogre hits you with a +0 giant club!
* * * LOW HITPOINT WARNING * * *
The foxfire hits the bullfrog.
The bullfrog is lightly wounded.
The bullfrog hits you.
* * * LOW HITPOINT WARNING * * *
The orc warrior shoots an arrow.
The arrow hits you!
* * * LOW HITPOINT WARNING * * *
The two-headed ogre hits you with a +0 giant club!
You die...

... ##....# .....
...#....##.....###......
#......o.........##.....
...... #........###.....
.....###...............
#...#......∩..........
###...........).†.....#
#.......Fo####.o......##
#....@######..#......#
###...O#..#...#.....##
###.ooh.oo..###...##
##.....#...###..#<
###.......#......
#...............
##...##.##......
###....#....... ..
##..#.........


You could see a two-headed ogre, an orc warrior, a bullfrog, a hound and 2 orcs.

Vanquished Creatures
  Grinder (D:3)
  Sigmund (D:2)
  Eustachio (D:5)
  A sky beast (D:6)
  An ice beast (D:6)
  2 ogres (D:5)
  A centaur (D:5)
  Blork the orc (D:5)
  A bombardier beetle (D:3)
  3 hounds (D:5)
  3 orc priests
  A jelly (D:4)
  Jessica (D:2)
  Ijyb (D:5)
  2 iguanas (D:5)
  Natasha (D:2)
  10 adders
  A white imp (D:5)
  2 ufetubi (D:5)
  A ribbon worm (D:2)
  2 dart slugs
  16 orcs
  9 ball pythons
  5 bats
  6 endoplasms
  6 giant cockroaches
  4 goblins
  9 hobgoblins
  10 jackals
  5 kobolds
  4 quokkas
  2 frilled lizards (D:3)
  5 rats
119 creatures vanquished.

Vanquished Creatures (others)
  128 foxfires
128 creatures vanquished.

Grand Total: 247 creatures vanquished

Notes
Turn   | Place    | Note
-------+----------+-------------------------------------------
     0 | D:1      | toph the Draconian Fire Elementalist began the quest for
                  | the Orb.
     0 | D:1      | Reached XP level 1. HP: 14/14 MP: 3/3
    96 | D:1      | Found Vishehy's Armour Emporium.
   171 | D:1      | Reached skill level 1 in Fighting
   242 | D:1      | Reached XP level 2. HP: 22/23 MP: 0/5
   662 | D:1      | Reached skill level 2 in Fighting
   665 | D:1      | Reached XP level 3. HP: 29/29 MP: 2/6
   835 | D:2      | Noticed Jessica
   845 | D:2      | Killed Jessica
   897 | D:2      | Found a broken altar of Ashenzari.
  1041 | D:2      | Reached XP level 4. HP: 37/37 MP: 2/7
  1114 | D:2      | Found a broken altar of Ashenzari.
  1250 | D:2      | Noticed Sigmund
  1319 | D:2      | Noticed Natasha
  1330 | D:2      | Killed Natasha
  1331 | D:2      | Reached skill level 3 in Fighting
  1418 | D:2      | Killed Sigmund
  1419 | D:2      | Reached skill level 4 in Fighting
  1419 | D:2      | Reached XP level 5. HP: 38/47 MP: 1/9
  1644 | D:2      | Learned a level 2 spell: Scorch
  1669 | D:3      | Reached XP level 6. HP: 53/55 MP: 3/10
  1946 | D:3      | Reached skill level 5 in Fighting
  2369 | D:3      | Found a burning altar of Makhleb.
  2523 | D:3      | Noticed Grinder
  2537 | D:3      | Paralysed by Grinder for 2 turns
  2557 | D:3      | Paralysed by Grinder for 4 turns
  2562 | D:3      | Killed Grinder
  2563 | D:3      | Your scales start taking on an icy white colour.
  2563 | D:3      | Reached XP level 7. HP: 41/62 MP: 0/11
  2563 | D:3      | Gained mutation: Your flesh is cold resistant. (rC+) [White
                  | Draconian growth]
  3041 | D:4      | Reached skill level 6 in Fighting
  3326 | D:4      | Reached skill level 1 in Ice Magic
  4251 | D:4      | Found a bloodstained altar of Trog.
  4260 | D:4      | Found a radiant altar of Vehumet.
  4263 | D:4      | Became a worshipper of Vehumet
  4326 | D:5      | Entered Level 5 of the Dungeon
  4326 | D:5      | Found a runed translucent gate.
  4326 | D:5      | Found a runed translucent gate.
  4328 | D:5      | Found a runed translucent gate.
  4415 | D:5      | Noticed cfcfcfcfcf's ghost (novice TrFi)
  4601 | D:5      | Reached skill level 7 in Fighting
  4666 | D:5      | Noticed Blork the orc
  4678 | D:5      | Killed Blork the orc
  4679 | D:5      | Reached XP level 8. HP: 39/73 MP: 1/13
  4812 | D:5      | Noticed Eustachio
  4825 | D:5      | Killed Eustachio
  5263 | D:5      | Reached skill level 8 in Fighting
  5569 | D:5      | Noticed Ijyb
  5581 | D:5      | Killed Ijyb
  5945 | D:6      | Found Afiyhe's Book Boutique.
  6117 | D:6      | Found Etiu's Weapon Shoppe.
  6154 | D:6      | Noticed a two-headed ogre
  6168 | D:6      | Slain by a two-headed ogre

Illustrated notes

Levels and vault maps discovered:
D:1:      erik_arrival_blinker_ship, layout_loops_cross, serial_shops, shop,
          st_stairs_3
D:2:      layout_loops_ring, basic_altar, uniq_natasha, uniq_jessica,
          uniq_sigmund
D:3:      minmay_inner_zag, layout_basic, bloody_makhleb,
          kennysheep_pointless_box, uniq_grinder
D:4:      layout_loops_ring, jmf_multi_god_temple2
D:5:      layout_basic, gammafunk_ghost_necromancy, feat_on_display,
          uniq_blork_the_orc, uniq_eustachio, uniq_ijyb
D:6:      layout_cave_pools, kennysheep_slug_shrine,
          nicolae_dithmenos_shadow_blocks, ebering_ghost_inner_flame,
          serial_shops, shop, shop, shop, shop

Skill      XL: |  1  2  3  4  5  6  7  8 |
---------------+-------------------------+-----
Fighting       | 1 2 4 5 7 8 |  8.5
Conjurations   | 2 3 |  3.6
Spellcasting   | 3 4 |  4.6
Ice Magic      | 3 4 |  4.4
Dodging        | |  1.7
Stealth        | |  1.7
Fire Magic     | |  3.0

Action                     |  1- 3 |  4- 6 |  7- 9 || total
---------------------------+-------+-------+-------++-------
  Melee: Spear             |    46 |    18 |     2 ||    66
         Tailslap          |     5 |     6 |     9 ||    20
         Club              |     5 |    11 |       ||    16
         Halberd           |       |     2 |       ||     2
         Punch             |       |     1 |       ||     1
         Mace              |       |       |    58 ||    58
   Cast: Foxfire           |    25 |    30 |    25 ||    80
         Scorch            |       |    26 |    72 ||    98
Ability: Breathe Frost     |       |       |     2 ||     2
   Stab: Sleeping          |     1 |       |       ||     1
 Armour: Skin              |    25 |    40 |   125 ||   190
  Dodge: Dodged            |    43 |    58 |   127 ||   228
